 Dungeon Crawl Stone Soup version 0.21-a0-531-gacddea6 (webtiles) character file.

18595 Gerstahl the Fighter (level 12, -7/104 (105) HPs)
             Began as a Merfolk Gladiator on Dec 13, 2017.
             Was a Believer of Ashenzari.
             Mangled by a jumping spider (14 damage)
             ... on level 2 of the Lair of Beasts.
             The game lasted 00:29:23 (16972 turns).

Gerstahl the Fighter (Merfolk Gladiator)           Turns: 16972, Time: 00:29:24

HP:   -7/104 (105)  AC:  9    Str: 15    XL:     12   Next: 60%
MP:   16/16         EV: 23    Int:  8    God:    Ashenzari [**....]
Gold: 1033          SH:  0    Dex: 19    Spells: 11/11 levels left

rFire    . . .     SeeInvis +   N - +2 scimitar (freeze) (curse)
rCold    . . .     Gourm    .   (no shield)
rNeg     + . .     Faith    .   I - +0 steam dragon scales (curse)
rPois    .         Spirit   .   x - +2 hat {MR+} (curse)
rElec    .         Reflect  .   E - +0 cloak
rCorr    .         Harm     .   (no gloves)
MR       +....                  b - +0 pair of boots
Stlth    +.........             (no amulet)
HPRegen  0.27/turn              j - ring of positive energy
MPRegen  0.15/turn              u - ring of see invisible

@: confused
A: change form in water, swift swim, stealthy swim
a: Curse Item, Scrying, Renounce Religion


You were on level 2 of the Lair of Beasts.
You worshipped Ashenzari.
Ashenzari was pleased with you.
You were not hungry.

You visited 3 branches of the dungeon, and saw 15 of its levels.

You collected 1033 gold pieces.

Inventory:

Hand Weapons
 a - a +1 long sword
 N - a cursed +2 scimitar of freezing (weapon)
Armour
 b - a +0 pair of boots (worn)
 x - a cursed +2 hat of magic resistance (worn)
 E - a +0 cloak (worn)
 I - cursed +0 steam dragon scales (worn)
Jewellery
 c - a +1 ring of protection
 j - a ring of positive energy (left hand)
 o - an uncursed amulet of guardian spirit
 u - a ring of see invisible (right hand)
 v - an uncursed ring of fire
 H - an uncursed ring of wizardry
 R - an uncursed ring of stealth
 W - an uncursed ring of fire
 Y - an uncursed ring of stealth
Wands
 i - a wand of acid (16)
 F - a wand of polymorph (26)
 S - a wand of flame (28)
Scrolls
 e - a scroll of fog
 l - 4 scrolls of immolation
 m - 7 scrolls of teleportation
 r - 2 scrolls of fear
 s - 2 scrolls of blinking
 y - 7 scrolls of remove curse
 z - 3 scrolls of magic mapping
 A - a scroll of amnesia
 O - a scroll of enchant weapon
 P - a scroll of summoning {unknown}
 Q - a scroll of identify
 T - a scroll of vulnerability {unknown}
Potions
 d - a potion of might
 h - 4 potions of brilliance
 k - a potion of flight
 n - a potion of resistance
 q - a potion of agility {unknown}
 t - 2 potions of magic {unknown}
 B - 2 potions of degeneration
 D - a potion of cancellation
 G - 3 potions of mutation {unknown}
 J - a potion of haste
 K - a potion of berserk rage
 U - a potion of curing
Books
 w - a book of Minor Magic

   Spells                             Type                      Level
   a - Magic Dart                     Conjuration                  1
   b - Blink                          Translocation                2
   c - Call Imp                       Summoning                    2
   d - Slow                           Hexes                        2
   e - Conjure Flame                  Conjuration/Fire             3
   f - Mephitic Cloud                 Conjuration/Poison/Air       3
 C - a book of Clouds

   Spells                             Type                      Level
   a - Poisonous Vapours              Poison/Air                   2
   b - Mephitic Cloud                 Conjuration/Poison/Air       3
   c - Conjure Flame                  Conjuration/Fire             3
   d - Freezing Cloud                 Conjuration/Ice/Air          6
   e - Ring of Flames                 Charms/Fire                  7
 V - a book of Conjurations

   Spells                             Type                      Level
   a - Magic Dart                     Conjuration                  1
   b - Searing Ray                    Conjuration                  2
   c - Dazzling Spray                 Conjuration/Hexes            3
   d - Fulminant Prism                Conjuration/Hexes            4
   e - Force Lance                    Conjuration/Translocation    4
   f - Iskenderun's Mystic Blast      Conjuration                  4
Miscellaneous
 L - a box of beasts
 M - a crystal ball of energy
Comestibles
 f - 12 bread rations
 g - 4 meat rations
 X - a fruit
 Z - 7 chunks of flesh


   Skills:
 - Level 13.0 Fighting
 - Level 13.0(15.0) Long Blades
 - Level 2.0 Throwing
 + Level 12.7 Dodging
 + Level 6.4 Evocations


You had 11 spell levels left.
You didn't know any spells.

Dungeon Overview and Level Annotations

Branches:
Dungeon (12/15)            Temple (1/1) D:6            Lair (2/6) D:11
  Snake (0/4) Lair:2          Orc (0/2) D:10
  Swamp: Lair:2-4    Shoals: Lair:2-4

Altars:
Ashenzari
Cheibriados
Dithmenos
Elyvilon
Fedhas
Gozag
Hepliaklqana
Kikubaaqudgha
Makhleb
Nemelex Xobeh
Okawaru
Qazlal
Ru
Sif Muna
Trog
Uskayaw
Vehumet
Wu Jian
Xom
Yredelemnul
Zin
The Shining One

Portals:
Trove: D:10 (give horn of Geryon)


Message History

You butcher the blink frog corpse.
You see here 2 chunks of flesh.
Okay, then.
Z - 7 chunks of flesh (gained 2)
You hit the jumping spider. You freeze the jumping spider.
The jumping spider is heavily wounded.
The jumping spider pounces on you!
* * * LOW HITPOINT WARNING * * *
You are caught in a web!
The jumping spider bites you.
* * * LOW HITPOINT WARNING * * *
You struggle to detach yourself from the web.
The jumping spider closely misses you. The jumping spider barely misses you.
You are confused.
You feel invigorated. The jumping spider pounces on you!
* * * LOW HITPOINT WARNING * * *
The jumping spider barely misses you. x2
The jumping spider bites you but does no damage.
Unknown command.
The web tears apart.
The jumping spider pounces on you!
You die...

................ , ,
..#...##.....##, ... *
#.#.####.....## ,..#*, *
..............## .. . *
.............##.##.###......
............................
, ,
............................
*
...............s..........#.
*
...........#####@##.#......⌠
##...##....##.##.##)........
...P##.....#...#†##PP†...⌠.<,
...............$...†...s#,
#.....#....##P...†##....#
##....#.....##......#.....#
,*
.....#.....#................
,
#######.....##.#.###.......#
, .#.#.#......#...##
#.......#


You could see a jumping spider.

Vanquished Creatures
  A great orb of eyes (Lair:1)
  3 two-headed ogres
  An unseen horror (D:12)
  Pikel (D:9)
  A deep elf mage (D:11)
  A manticore (D:11)
  3 elephants (Lair:2)
  A cyclops (D:12)
  Joseph (Lair:1)
  2 komodo dragons (Lair:2)
  2 guardian mummies (D:10)
  2 blink frogs (Lair:2)
  4 hippogriffs
  A shadow (D:11)
  15 yaks
  4 wyverns
  A basilisk (Lair:1)
  A steam dragon (D:8)
  2 hungry ghosts (D:8)
  A human (D:3)
  A soldier ant (D:12)
  4 wargs
  2 water moccasins (Lair:2)
  4 ice beasts
  2 orc warriors (D:11)
  A phantom (D:12)
  A black bear (D:8)
  A necrophage (D:6)
  7 ogres
  A boggart (D:7)
  11 centaurs
  3 crocodiles
  11 bullfrogs
  2 big kobolds
  A wyvern zombie (D:11)
  6 scorpions
  6 killer bees
  14 wights
  2 howler monkeys (D:11)
  3 crimson imps
  A centaur zombie (D:12)
  6 orc priests
  2 centaur skeletons
  9 hounds
  5 orc wizards
  4 bullfrog skeletons
  4 jellies
  4 iguanas
  4 worker ants
  A hound zombie (D:11)
  2 howler monkey zombies (D:9)
  14 adders
  4 gnolls (D:3)
  A howler monkey skeleton (D:8)
  2 orc zombies (D:5)
  A shadow imp (D:9)
  A worm (D:5)
  An adder zombie (D:8)
  3 dart slugs
  6 leopard geckos
  30 orcs
  7 giant cockroaches
  7 hobgoblins
  14 jackals
  4 quokkas
  A ball python (D:4)
  A ball python skeleton (D:4)
  7 bats
  5 frilled lizards
  5 goblins
  A goblin skeleton (D:3)
  A goblin zombie (D:3)
  2 jackal skeletons
  17 kobolds
  A leopard gecko skeleton (D:5)
  A quokka skeleton (D:9)
  9 rats
319 creatures vanquished.

Vanquished Creatures (others)
  An orc priest (D:9)
  An adder (D:6)
  A fungus (Lair:2)
3 creatures vanquished.

Grand Total: 322 creatures vanquished

Notes
Turn   | Place    | Note
-------+----------+-------------------------------------------
     0 | D:1      | Gerstahl the Merfolk Gladiator began the quest for the Orb.
     0 | D:1      | Reached XP level 1. HP: 16/16 MP: 1/1
   290 | D:1      | Reached XP level 2. HP: 21/23 MP: 2/2
   825 | D:2      | Reached XP level 3. HP: 28/29 MP: 3/3
  1083 | D:2      | Found a burning altar of Makhleb.
  1361 | D:2      | Found a hide-covered altar of Uskayaw.
  1439 | D:2      | Reached XP level 4. HP: 35/35 MP: 4/4
  1980 | D:3      | Found a runed door.
  1980 | D:3      | Noticed a human
  1985 | D:3      | Found a basalt altar of Yredelemnul.
  2010 | D:3      | Killed a human
  2010 | D:3      | Reached skill level 5 in Long Blades
  2010 | D:3      | Reached XP level 5. HP: 11/43 MP: 5/5
  2550 | D:3      | Reached XP level 6. HP: 39/50 MP: 6/6
  2652 | D:2      | Reached skill level 5 in Fighting
  2855 | D:3      | Found a faded altar of an unknown god.
  3160 | D:3      | Found an ancient bone altar of Kikubaaqudgha.
  3165 | D:3      | Found an opulent altar of Gozag.
  3537 | D:4      | Found a bloodstained altar of Trog.
  4461 | D:5      | Entered Level 5 of the Dungeon
  4472 | D:5      | Reached XP level 7. HP: 43/58 MP: 7/7
  4801 | D:5      | Found a bloodstained altar of Trog.
  5039 | D:5      | Found a transporter.
  5073 | D:5      | Found a transporter.
  5109 | D:5      | Reached skill level 5 in Dodging
  6252 | D:6      | Reached XP level 8. HP: 38/64 MP: 8/8
  6411 | D:6      | Found a staircase to the Ecumenical Temple.
  6424 | Temple   | Entered the Ecumenical Temple
  6569 | Temple   | Became a worshipper of Ashenzari the Shackled
  7132 | D:6      | Reached skill level 10 in Dodging
  7393 | D:7      | HP: 2/67 [killer bee (8)]
  7700 | D:7      | Reached XP level 9. HP: 72/72 MP: 9/9
  8650 | D:8      | Noticed a two-headed ogre
  8965 | D:8      | Killed a two-headed ogre
  9033 | D:8      | Reached XP level 10. HP: 81/84 MP: 10/10
  9156 | D:9      | Noticed Pikel
  9179 | D:9      | Killed Pikel
  9179 | D:9      | Reached skill level 10 in Fighting
  9179 | D:9      | Reached skill level 10 in Long Blades
 10119 | D:9      | Reached * piety under Ashenzari
 10204 | D:9      | Noticed a two-headed ogre
 10626 | D:9      | Killed a two-headed ogre
 11444 | D:10     | Entered Level 10 of the Dungeon
 11463 | D:10     | Found a staircase to the Orcish Mines.
 11494 | D:10     | Reached skill level 1 in Evocations
 11549 | D:10     | Reached XP level 11. HP: 63/93 MP: 10/12
 11839 | D:10     | Noticed a two-headed ogre
 11852 | D:10     | Killed a two-headed ogre
 12030 | D:10     | Found a portal to a secret trove of treasure.
 12389 | D:11     | Noticed a manticore
 12396 | D:11     | Killed a manticore
 13213 | D:11     | Noticed a deep elf mage
 13223 | D:11     | Killed a deep elf mage
 13439 | D:11     | Found a staircase to the Lair.
 13754 | D:12     | Noticed an unseen horror
 13765 | D:12     | Killed an unseen horror
 14101 | D:12     | Noticed an eight-headed hydra
 14221 | D:12     | Reached ** piety under Ashenzari
 14318 | D:12     | Noticed Sonja
 14320 | D:12     | Noticed Sonja
 14320 | D:12     | Sonja changed into Sonja the soldier ant
 14334 | D:12     | Killed Sonja the soldier ant
 14488 | D:12     | Reached XP level 12. HP: 91/102 MP: 15/15
 14577 | D:12     | Reached skill level 5 in Evocations
 15300 | Lair:1   | Entered Level 1 of the Lair of Beasts
 15538 | Lair:1   | Noticed a six-headed hydra
 15660 | Lair:1   | Noticed a great orb of eyes
 15660 | Lair:1   | a six-headed hydra changed into a great orb of eyes
 16021 | Lair:1   | Killed a great orb of eyes
 16137 | Lair:1   | Noticed Joseph
 16154 | Lair:1   | Killed Joseph
 16971 | Lair:2   | HP: 1/104 [jumping spider (11)]
 16972 | Lair:2   | Mangled by a jumping spider

Vault maps used:
D:1:      lemuel_arrival_funnel, hangedman_decor_clover_reticule,
          bh_walls_and_bars
D:2:      lemuel_doored_altar, marbit_many_paths, minmay_misc_feat_plants
D:3:      amethyst_overflow_temple_binary,
          chequers_ecumenical_altar_simple_redux, dk_yredelemnul_ordeal
D:4:      cheibrodos_pilgrimage, first_bread, minmay_stone_trees_medium,
          trog_butcher_becter
D:5:      gammafunk_cloud_chamber, lemuel_coloured_pillars_altar
D:6:      minmay_temple_entry_glass
D:9:      uniq_pikel
D:10:     minmay_orc_entry_guard_dogs, nicolae_trove_entry_path_of_doom,
          grunt_ogre_cave
D:11:     lair_entry_dummy
D:12:     minivault_22, uniq_sonja
Temple:   kb_temple_of_zot
Lair:1:   wad_woods_road_01, infiniplex_staircase_pool, grunt_megastairs_2,
          lemuel_fruit_fields, uniq_joseph
Lair:2:   dummy_snake_entry, grunt_megastairs_3

Skill      XL: |  1  2  3  4  5  6  7  8  9 10 11 12 |
---------------+-------------------------------------+-----
Fighting       | 3 4 6 7 9 11 12 13 | 13.0
Long Blades    | 4 5 6 7 9 11 12 13 | 13.0
Dodging        | 8 10 11 12 | 12.7
Evocations     | 1 4 6 |  6.4
Throwing       | |  2.0

Action                   |  1- 3 |  4- 6 |  7- 9 | 10-12 || total
-------------------------+-------+-------+-------+-------++-------
Melee: Long sword        |   101 |   180 |   395 |   275 ||   951
       Scimitar          |       |       |       |   472 ||   472
       Tailslap          |       |       |       |     2 ||     2
Throw: Throwing net      |       |     2 |     4 |     2 ||     8
Invok: Curse Item        |       |       |     2 |       ||     2
Evoke: Wand              |       |       |     2 |    20 ||    22
  Use: Scroll            |       |       |    13 |     4 ||    17
       Potion            |       |       |    12 |     4 ||    16
 Stab: Sleeping          |     4 |       |       |     1 ||     5
       Held in net/web   |       |       |     2 |     4 ||     6
       Distracted        |       |       |       |     1 ||     1
  Eat: Chunk             |     2 |    10 |     7 |    15 ||    34
       Royal jelly       |       |       |     3 |       ||     3
       Fruit             |       |       |     7 |    10 ||    17
       Meat ration       |       |       |       |     1 ||     1
Armor: Leather armour    |    33 |    32 |    66 |       ||   131
       Steam dragon scal |       |       |    16 |   139 ||   155
Dodge: Dodged            |    90 |   154 |   349 |   728 ||  1321
       Rpst.: Long sword |    40 |    53 |   114 |    78 ||   285
       Scimitar          |       |       |       |   101 ||   101

Table legend:
 A = Spawn XP
 B = Non-spawn XP
 C = Spawn XP percentage of total XP
 D = Spawn monster count
 E = Non-spawn monster count
 F = Spawn count percentage of total count
 G = Total turns spent on level
                    A         B        C        D         E        F      G
               +---------+---------+-------+---------+---------+-------+---------
         Total |       0 |   26565 |   0.0 |       0 |     320 |   0.0 | 16972
               +---------+---------+-------+---------+---------+-------+---------
           D:1 |       0 |      32 |   0.0 |       0 |      19 |   0.0 |   816
           D:2 |       0 |      65 |   0.0 |       0 |      25 |   0.0 |  1286
           D:3 |       0 |     331 |   0.0 |       0 |      26 |   0.0 |  1495
           D:4 |       0 |     162 |   0.0 |       0 |      19 |   0.0 |   864
           D:5 |       0 |     258 |   0.0 |       0 |      12 |   0.0 |  1509
           D:6 |       0 |     932 |   0.0 |       0 |      22 |   0.0 |  1365
           D:7 |       0 |     803 |   0.0 |       0 |      20 |   0.0 |   842
           D:8 |       0 |    2461 |   0.0 |       0 |      28 |   0.0 |  1277
           D:9 |       0 |    3576 |   0.0 |       0 |      38 |   0.0 |  1974
          D:10 |       0 |    3472 |   0.0 |       0 |      20 |   0.0 |   782
          D:11 |       0 |    4248 |   0.0 |       0 |      38 |   0.0 |  1911
          D:12 |       0 |    3422 |   0.0 |       0 |      30 |   0.0 |  1283
        Lair:1 |       0 |    2082 |   0.0 |       0 |       6 |   0.0 |  1036
        Lair:2 |       0 |    4721 |   0.0 |       0 |      17 |   0.0 |   359
               +---------+---------+-------+---------+---------+-------+---------
